Map: [ESL] Inside and Out

Players

ByuN

  • Race: Terran Terran
  • Spawn Location: 7:00

Astrea - Winner!

  • Race: Protoss Protoss
  • League: Master
  • Spawn Location: 1:00

Event: HomeStory Cup XXII

VOD

Have the link to the VOD?

Description

Time

  • Played on: Dec. 18, 2022, 2:53 p.m.
  • Length: 10:19

All games in this series

Show
View Real Time Build Order
Export as new Build Order

ByuN Terran 

Build Orders:  

Get SALT Encoding   

  12  0:00  SCV  
  13  0:12  SCV  
  14  0:16  Supply Depot  
  14  0:24  SCV  
  15  0:38  SCV  
  15  0:39  Barracks  
  15  0:42  Refinery  
  16  0:50  SCV  
  16  0:52  Refinery  
  17  1:02  SCV  
  18  1:14  SCV  
  19  1:26  Reaper, Orbital Command  
  19  1:27  Supply Depot  
  20  1:39  Factory  
  20  1:52  SCV  
  21  1:58  Reaper  
  22  2:04  SCV  
  23  2:16  SCV  
  23  2:22  Command Center  
  24  2:24  Hellion  
  26  2:31  Barracks Reactor  
  26  2:32  SCV  
  27  2:41  Starport  
  27  2:44  SCV  
  27  2:45  Factory Tech Lab  
  27  2:50  Supply Depot  
  28  2:58  SCV  
  29  3:10  SCV  
  29  3:12  Cyclone  
  33  3:15  Marine  
  33  3:16  Marine  
  35  3:22  SCV  
  36  3:29  Medivac  
  36  3:33  Marine x2  
  36  3:35  Orbital Command  
  36  3:39  SCV  
  37  3:44  Cyclone  
  40  3:51  Marine x2  
  40  3:52  SCV  
  43  4:01  Supply Depot  
  43  4:04  SCV  
  43  4:07  Barracks  
  43  4:09  Marine x2  
  46  4:12  Starport Tech Lab  
  46  4:15  SCV  
  46  4:16  SCV  
  48  4:24  Supply Depot  
  48  4:27  Barracks, SCV  
  48  4:28  SCV  
  50  4:33  Marine x2  
  54  4:39  SCV  
  54  4:40  Engineering Bay  
  54  4:41  SCV  
  56  4:48  Supply Depot  
  56  4:51  SCV, Marine x2  
  59  4:53  SCV  
  58  5:00  Stimpack  
  58  5:02  Marauder, Starport Reactor  
  58  5:03  Factory Reactor  
  58  5:04  SCV  
  58  5:05  SCV  
  62  5:07  Bunker  
  62  5:11  Supply Depot  
  62  5:13  Terran Infantry Weapons Level 1  
  62  5:16  SCV, Marine x2  
  62  5:17  SCV  
  62  5:21  Combat Shield  
  66  5:22  Supply Depot  
  66  5:27  Refinery  
  66  5:30  SCV x2  
  66  5:32  Marauder  
  66  5:33  Marauder  
  71  5:37  Marine  
  71  5:38  Marine  
  71  5:42  Medivac x2  
  78  5:50  Widow Mine x2  
  78  5:52  SCV x2  
  78  5:53  Refinery  
  78  5:55  Missile Turret  
  78  5:56  Missile Turret  
  82  5:57  Marine x2  
  82  5:59  Marauder  
  82  6:02  Marauder  
  87  6:12  Medivac  
  87  6:15  SCV x2  
  90  6:20  Marine x2  
  90  6:21  Widow Mine  
  94  6:27  Barracks  
  94  6:31  Barracks  
  94  6:38  Supply Depot  
  94  6:40  Marine x2  
  94  6:41  Widow Mine, Marauder x2  
  102  6:57  Supply Depot  
  102  6:58  Supply Depot  
  102  7:00  SCV x2, Widow Mine  
  106  7:01  Medivac x2  
  110  7:15  Barracks Reactor  
  110  7:19  Widow Mine, Barracks Tech Lab, Marauder, Marine x2  
  110  7:22  Widow Mine  
  114  7:31  Medivac x2  
  114  7:34  Marauder  
  120  7:38  SCV x2  
  120  7:41  Widow Mine  
  120  7:42  Marauder  
  126  7:47  Marine  
  126  7:48  Widow Mine, Marauder  
  126  7:50  Marine  
  132  7:56  Marauder  
  134  7:58  Supply Depot  
  134  7:59  Supply Depot  
  134  8:09  Supply Depot  
  134  8:11  Concussive Shells  
  134  8:20  Widow Mine, Marauder x3  
  134  8:21  Widow Mine, Marine x2  
  134  8:27  Marine x2  
  148  8:39  Marine  
  149  8:41  Marauder x2  
  149  8:42  Widow Mine  
  149  8:43  Supply Depot x2, Widow Mine  
  130  9:00  Marine x4  
  125  9:03  Widow Mine  
  125  9:04  Widow Mine, Marauder x2  
  133  9:13  Marauder  
  133  9:24  Widow Mine  
  133  9:25  Widow Mine, Marauder  
  133  9:26  Marine x2  
  133  9:27  Marine  
  136  9:34  Marauder  
  127  9:38  Marine  
  127  9:39  Marine  
  127  9:45  Marine  
  112  9:46  Widow Mine, Marauder  
  112  9:47  Marine  
  112  9:50  Marine  
  84  9:55  Marauder  
  84  9:57  Marine x2  
Show
View Real Time Build Order
Export as new Build Order

Astrea Protoss - Winner!

Build Orders: 1 Gate Expand, Oracle Opening, Phoenix Opening 

Get SALT Encoding   

  12  0:00  Probe  
  13  0:12  Probe  
  14  0:17  Pylon  
  14  0:24  Probe (Chrono Boost)  
  15  0:35  Gateway  
  16  0:37  Probe (Chrono Boost)  
  16  0:42  Probe (Chrono Boost)  
  16  0:44  Assimilator  
  17  0:51  Probe  
  18  1:03  Probe  
  19  1:15  Probe  
  20  1:19  Nexus  
  20  1:29  Cybernetics Core  
  20  1:32  Probe  
  21  1:37  Assimilator  
  21  1:44  Probe  
  22  1:47  Pylon  
  22  1:56  Probe  
  23  2:03  Adept (Chrono Boost)  
  25  2:08  Probe  
  25  2:13  Stargate  
  26  2:20  Probe  
  26  2:21  Warp Gate  
  27  2:31  Adept  
  27  2:33  Probe x2  
  31  2:45  Probe x2 (Chrono Boost)  
  33  2:55  Probe x2 (Chrono Boost)  
  33  2:58  Oracle (Chrono Boost)  
  38  3:00  Probe x2 (Chrono Boost)  
  40  3:11  Probe  
  42  3:12  Probe  
  41  3:23  Probe  
  41  3:24  Probe  
  40  3:27  Phoenix (Chrono Boost)  
  39  3:36  Probe (Chrono Boost)  
  39  3:37  Probe (Chrono Boost)  
  41  3:42  Gateway  
  41  3:43  Gateway  
  41  3:46  Twilight Council  
  41  3:48  Pylon  
  43  3:49  Probe (Chrono Boost)  
  43  3:53  Probe (Chrono Boost)  
  43  3:54  Phoenix  
  45  3:56  Probe (Chrono Boost)  
  46  4:06  Probe x2  
  48  4:12  Zealot  
  48  4:16  Charge (Chrono Boost)  
  50  4:18  Probe x2  
  50  4:19  Pylon  
  52  4:28  Phoenix  
  54  4:38  Zealot  
  54  4:40  Nexus  
  54  4:42  Zealot  
  58  4:46  Zealot  
  60  4:53  Phoenix  
  60  4:57  Pylon  
  60  4:58  Pylon  
  62  5:15  Probe x2  
  62  5:16  Zealot x3  
  62  5:19  Forge  
  70  5:25  Phoenix  
  70  5:27  Probe x2  
  74  5:36  Gateway  
  74  5:39  Probe x2  
  76  5:48  Sentry  
  76  5:49  Zealot  
  78  5:50  Protoss Ground Weapons Level 1 (Chrono Boost)  
  78  5:51  Phoenix  
  78  5:52  Zealot, Probe x2  
  78  5:54  Probe  
  85  5:58  Gateway  
  85  6:01  Gateway  
  85  6:07  Gateway  
  85  6:11  Zealot  
  85  6:17  Zealot x2  
  85  6:18  Pylon  
  91  6:22  Probe x2, Pylon  
  93  6:36  Zealot x2, Robotics Facility, Probe  
  93  6:37  Zealot  
  93  6:38  Pylon  
  100  6:41  Zealot  
  100  6:44  Phoenix  
  104  6:53  Pylon  
  104  6:55  Pylon  
  104  7:04  Zealot x6  
  114  7:10  Pylon  
  114  7:11  Zealot, Pylon  
  114  7:15  Shield Battery  
  116  7:28  Zealot x6  
  126  7:33  Observer  
  126  7:35  Robotics Bay, Protoss Ground Armor Level 1 (Chrono Boost)  
  124  7:41  Zealot  
  126  7:51  Zealot x6  
  126  7:53  Assimilator  
  126  7:55  Probe x2  
  140  8:14  Zealot x2  
  140  8:15  Zealot x2  
  140  8:17  Pylon  
  140  8:18  Observer  
  140  8:19  Pylon  
  148  8:29  Disruptor (Chrono Boost), Pylon  
  148  8:31  Pylon  
  149  8:35  Probe x2  
  149  8:36  Robotics Facility  
  149  8:39  Nexus  
  149  8:40  Zealot x2  
  149  8:41  Zealot  
  155  8:51  Zealot x4  
  149  8:56  Phoenix  
  149  9:02  Zealot x3  
  149  9:08  Disruptor (Chrono Boost)  
  147  9:29  Nexus  
  137  9:36  Disruptor (Chrono Boost)  
  137  9:37  Zealot x7  
  115  9:59  Zealot x7  
  121  10:00  Phoenix (Chrono Boost)  
  121  10:04  Probe x3  
  126  10:07  Pylon  
Tags
 
Add a new tag
Caveats
  • Supply blocks, unpowered buildings, or Contaminate may cause inaccurate times.
  • Supply counts are checked every 10 seconds.